 Dungeon Crawl Stone Soup version 0.31-a0-876-gfe8ebadbca (webtiles) character file.

Game seed: 6915275495011211974

303 IndexError the Digger (level 6, -1/32 HPs)
             Began as a Gargoyle Earth Elementalist on Oct 13, 2023.
             Slain by a gnoll sergeant
             ... wielding a +2 spear of venom
              (11 damage)
             ... on level 4 of the Dungeon.
             The game lasted 00:03:31 (3557 turns).

IndexError the Digger (Gargoyle Earth Elementalist) Turns: 3557, Time: 00:03:31

Health: -1/32      AC:  7    Str: 12    XL:     6   Next: 38%
Magic:  8/12       EV: 11    Int: 17    God:
Gold:   98         SH:  0    Dex: 10    Spells: 12/13 levels left

rFire   . . .        g - +2 dagger (speed)
rCold   . . .        h - orb {light}
rNeg    + . .        a - +0 robe
rPois   ∞            (no helmet)
rElec   +            i - +0 cloak
rCorr   .            (no gloves)
SInv    .            (no boots)
Will    .....        (no amulet)
Stlth   +            (no ring)
HPRegen 0.25/turn    (no ring)
MPRegen 0.13/turn

%: no passive effects
@: glowing
A: sickness immunity, AC +4, negative energy resistance 1, electricity
resistance, torment resistance 1, petrification resistance
a: no special abilities


You were on level 4 of the Dungeon.
You visited 1 branch of the dungeon, and saw 4 of its levels.

You collected 98 gold pieces.

Inventory:

Hand Weapons
 g - a +2 dagger of speed (weapon)
   (You found it on level 1 of the Dungeon)
Armour
 a - a +0 robe (worn)
 h - an orb of light (worn)
   (You found it on level 1 of the Dungeon)
 i - a +0 cloak (worn)
   (You found it on level 1 of the Dungeon)
Magical Staves
 n - a staff of poison {rPois}
   (You found it on level 3 of the Dungeon)
Scrolls
 c - 5 scrolls of identify {unknown}
 d - 2 scrolls of fear {unknown}
 e - a scroll of revelation {unknown}
 o - a scroll of immolation {unknown}
 p - a scroll of torment {unknown}
 s - a scroll of vulnerability {unknown}
 t - a scroll of teleportation {unknown}
 u - a scroll of blinking {unknown}
Potions
 b - 2 potions of magic
 f - 3 potions of brilliance {unknown}
 j - 3 potions of curing {unknown}
 k - a potion of haste {unknown}
 l - a potion of resistance {unknown}
 m - 2 potions of degeneration {unknown}
 q - 2 potions of heal wounds {unknown}
 r - 4 potions of attraction {unknown}


   Skills:
 - Level 1.5 Dodging
 - Level 2.1 Stealth
 + Level 4.4 Spellcasting
 - Level 0.7 Transmutations
 + Level 6.4 Earth Magic


You had 12 spell levels left.
You knew the following spells:

 Your Spells              Type           Power      Damage    Failure   Level
a - Sandblast             Erth           50%        2d12      1%          1

Your spell library contained the following spells:

 Spells                   Type           Power      Damage    Failure   Level
 Passwall                 Tmut/Erth      12%        N/A       5%          2
 Stone Arrow              Conj/Erth      28%        3d8       12%         3
 Slow                     Hex            12%        N/A       16%         1
 Petrify                  Tmut/Erth      15%        N/A       34%         4
 Brom's Barrelling Bould  Conj/Erth      14%        2d4       36%         4
 Confusing Touch          Hex            3%         N/A       41%         3
 Sigil of Binding         Hex            3%         N/A       41%         3
 Vampiric Draining        Necr           3%         2d6       41%         3


Dungeon Overview and Level Annotations

Branches:
Dungeon (4/15)
 Temple: D:4-7

Altars:
Fedhas

Shops:
D:1 [(=!*


Innate Abilities, Weirdness & Mutations

You are immune to sickness and miasma.
Your stone body is resilient. (AC +4)
You are immune to poison.
You resist negative energy. (rN+)
You are resistant to electric shocks. (rElec)
You are resistant to unholy torment.
You are immune to petrification.


Message History

You climb upwards.
There is a stone staircase leading down here.
You climb downwards.
The kobold throws a poisoned dart.
The poisoned dart hits you! The gnoll hits you but does no damage.
There is a stone staircase leading up here.
The gnoll sergeant barely misses you. The gnoll completely misses you.
You climb upwards.
There is a stone staircase leading down here.
Casting: Sandblast (safe; 1% risk of failure)
Confirm with . or Enter, or press ? or * to list all spells.
Aiming: Sandblast (safe; 1% risk of failure)
Press: ? - help, Shift-Dir - straight line, f - gnoll
Aim: a gnoll, wielding a +0 spear (haloed, 88% to hit)
You miscast Sandblast.
You are very lightly contaminated with residual magic.
Nothing appears to happen.
The gnoll hits you but does no damage.
You now have 11/12 mp.
Casting: Sandblast (safe; 1% risk of failure)
Confirm with . or Enter, or press ? or * to list all spells.
Aiming: Sandblast (safe; 1% risk of failure)
Press: ? - help, Shift-Dir - straight line, f/p - gnoll
Aim: a gnoll, wielding a +0 spear (haloed, 88% to hit)
The blast of sand hits the gnoll!
You now have 10/12 mp.
Casting: Sandblast (safe; 1% risk of failure)
Confirm with . or Enter, or press ? or * to list all spells.
You can't see any susceptible monsters within range! (Use Z to cast anyway.)
Casting: Sandblast (safe; 1% risk of failure)
Confirm with . or Enter, or press ? or * to list all spells.
You can't see any susceptible monsters within range! (Use Z to cast anyway.)
Your magical contamination has completely faded away.
Magic restored.
Done exploring.
MP restored: 12 You climb downwards.
There is a stone staircase leading up here.
Casting: Sandblast (safe; 1% risk of failure)
Confirm with . or Enter, or press ? or * to list all spells.
Aiming: Sandblast (safe; 1% risk of failure)
Press: ? - help, Shift-Dir - straight line, f - kobold
Aim: a kobold, wielding a +0 whip and quivering poisoned darts (haloed, 83% to hit)
The blast of sand hits the kobold.
The kobold hits you with a +0 whip.
The gnoll sergeant hits you from afar with a +2 spear of venom.
The kobold closely misses you.
You take 3 damage, and have 29/32 hp.
You now have 11/12 mp.
The gnoll sergeant hits you from afar with a +2 spear of venom!
The kobold closely misses you.
You climb upwards.
There is a stone staircase leading down here.
You take 7 damage, and have 22/32 hp.
MASSIVE DAMAGE!!
Casting: Sandblast (safe; 1% risk of failure)
Confirm with . or Enter, or press ? or * to list all spells.
Aiming: Sandblast (safe; 1% risk of failure)
Press: ? - help, Shift-Dir - straight line, f - kobold
Aim: a kobold, wielding a +0 whip and quivering poisoned darts (severely wounded, haloed, 83% to hit)
The blast of sand hits the kobold!
You now have 10/12 mp.
Casting: Sandblast (safe; 1% risk of failure)
Confirm with . or Enter, or press ? or * to list all spells.
You can't see any susceptible monsters within range! (Use Z to cast anyway.)
Casting: Sandblast (safe; 1% risk of failure)
Confirm with . or Enter, or press ? or * to list all spells.
You can't see any susceptible monsters within range! (Use Z to cast anyway.) Magic restored.
HP restored.
Things that are here:
a +0 whip; 3 poisoned darts; a kobold corpse Health restored: 32; MP restored: 12 You can't go down here!
There is a stone staircase leading down here.
You climb downwards.
There is a stone staircase leading up here.
The blast of sand hits the gnoll sergeant but does no damage.
The gnoll sergeant hits you from afar with a +2 spear of venom.
You take 4 damage, and have 28/32 hp.
You now have 11/12 mp.
The blast of sand hits the gnoll sergeant.
The gnoll sergeant closely misses you.
You now have 10/12 mp.
The blast of sand misses the gnoll sergeant.
The gnoll sergeant hits you from afar with a +2 spear of venom!
The gnoll sergeant barely misses you.
You take 10 damage, and have 18/32 hp.
MASSIVE DAMAGE!!
You now have 9/12 mp.
You are too injured to fight recklessly!
You are too injured to fight recklessly!
Casting: Sandblast (safe; 1% risk of failure)
Confirm with . or Enter, or press ? or * to list all spells.
Aiming: Sandblast (safe; 1% risk of failure)
Press: ? - help, Shift-Dir - straight line, f/p - gnoll sergeant
Aim: a gnoll sergeant, wielding a +2 spear of venom and wearing a +0 scale mail (lightly wounded, haloed, 90% to hit)
The blast of sand hits the gnoll sergeant but does no damage.
The gnoll sergeant hits you from afar with a +2 spear of venom.
You take 1 damage, and have 17/32 hp.
You now have 8/12 mp.
Casting: Sandblast (safe; 1% risk of failure)
Confirm with . or Enter, or press ? or * to list all spells.
Aiming: Sandblast (safe; 1% risk of failure)
Press: ? - help, Shift-Dir - straight line, f/p - gnoll sergeant
Aim: a gnoll sergeant, wielding a +2 spear of venom and wearing a +0 scale mail (lightly wounded, haloed, 90% to hit)
The blast of sand hits the gnoll sergeant but does no damage.
The gnoll sergeant hits you from afar with a +2 spear of venom! x2
You die...

#.##.##.##.....#≈≈≈≈#..#
#..............#≈>_§#..#
####.##.#####..#≈⌠.≈#..#
#..#.>......#§≈≈ #..#
##.#####....#'####..# #...#
#.>[.........### ###.#
#.......####...# #.#
#.......# ###.# #.#
#..).@..# #.# #.###.......#
#.# ########..<.....g..#
#.## ......##..####....##
...# ....†.....####)....##
...#
~....###............####...
##~..#
##.##..#.#....#......
≈~#..####.##..#.#..).#.#.#
≈≈##.##.......#.#.....)..#


You could see a gnoll sergeant.

Vanquished Creatures
  An ogre (D:4)
  A scorpion (D:3)
  An iguana (D:4)
  3 adders
  3 gnolls
  3 worms
  A dart slug (D:2)
  An orc (D:3)
  5 ball pythons
  3 endoplasms
  3 giant cockroaches
  4 hobgoblins
  6 jackals
  8 kobolds
  5 quokkas
  5 bats
  2 frilled lizards
  7 goblins
  2 rats (D:2)
64 creatures vanquished.

Notes
Turn   | Place    | Note
-------+----------+-------------------------------------------
     0 | D:1      | IndexError the Gargoyle Earth Elementalist began the quest
                  | for the Orb.
     0 | D:1      | Reached XP level 1. HP: 10/10 MP: 3/3
   164 | D:1      | Found Kael's Weapon Shoppe.
   169 | D:1      | Found Zotz's Antique Armour Boutique.
   189 | D:1      | Reached skill level 4 in Earth Magic
   189 | D:1      | Reached XP level 2. HP: 15/15 MP: 1/5
   630 | D:1      | Found Eviurr's General Store.
   682 | D:1      | Found Pier's Distillery.
   869 | D:1      | Found Qoutapn's Jewellery Emporium.
  1137 | D:2      | Reached XP level 3. HP: 15/19 MP: 1/7
  1368 | D:2      | Reached skill level 3 in Spellcasting
  1402 | D:2      | Reached XP level 4. HP: 24/24 MP: 4/8
  2032 | D:3      | Reached skill level 5 in Earth Magic
  2431 | D:3      | Found a faded altar of an unknown god.
  2962 | D:4      | Found a blossoming altar of Fedhas.
  3047 | D:4      | Noticed an ogre
  3057 | D:4      | Killed an ogre
  3058 | D:4      | Reached XP level 5. HP: 28/28 MP: 5/10
  3252 | D:4      | Reached skill level 4 in Spellcasting
  3252 | D:4      | Reached skill level 6 in Earth Magic
  3334 | D:4      | Reached XP level 6. HP: 32/32 MP: 8/12
  3557 | D:4      | Slain by a gnoll sergeant

Illustrated notes

Levels and vault maps discovered:
D:1:      amcnicky_arrival_abandoned_market, layout_basic, serial_shops,
          nicolae_shop_behind_doors, nicolae_shop_competitors_out_of_business,
          shop, shop, shop
D:2:      layout_basic, minmay_fractal_squares_gapless_5
D:3:      layout_loops_ring, chequers_ecumenical_altar_grove
D:4:      minmay_general_purpose_star, layout_loops_cross,
          general_overflow_altar, minivault_4, nicolae_take_the_stairs

Skill      XL: |  1  2  3  4  5 |
---------------+----------------+-----
Earth Magic    | 4 5 6 |  6.4
Spellcasting   | 3 4 |  4.4
Dodging        | |  1.5
Stealth        | |  2.1
Transmutations | |  0.7

Action                     |  1- 3 |  4- 6 || total
---------------------------+-------+-------++-------
  Melee: Unarmed           |    15 |       ||    15
         Dagger            |       |     1 ||     1
   Cast: Sandblast         |    36 |    56 ||    92
 Armour: Robe              |    20 |    31 ||    51
  Dodge: Dodged            |    16 |    24 ||    40

Table legend: (Time is in decaauts)
 A = Elapsed time spent in this place.
 B = Non-inter-level travel time spent in this place.
 C = Inter-level travel time spent in this place.
 D = Time resting spent in this place.
 E = Time spent auto-exploring this place.
 F = Levels seen in this place.
 G = Mean time per level.
                   A        B        C        D        E       F      G
               +--------+--------+--------+--------+--------+-----+--------+
         Total |   3607 |   3294 |    313 |      0 |   2894 |   4 |  901.8 |
       Dungeon |   3607 |   3294 |    313 |      0 |   2894 |   4 |  901.8 |
               +--------+--------+--------+--------+--------+-----+--------+

Top non-repeatable levels by time:
     D:3: 1152 daAuts
     D:1: 1050 daAuts
     D:2: 916 daAuts
     D:4: 488 daAuts

Levels and vault maps discovered:
D:1:      amcnicky_arrival_abandoned_market, layout_basic, serial_shops,
          nicolae_shop_behind_doors, nicolae_shop_competitors_out_of_business,
          shop, shop, shop
D:2:      layout_basic, minmay_fractal_squares_gapless_5
D:3:      layout_loops_ring, chequers_ecumenical_altar_grove
D:4:      minmay_general_purpose_star, layout_loops_cross,
          general_overflow_altar, minivault_4, nicolae_take_the_stairs

Table legend: (Time is in decaauts)
 A = Elapsed time spent in this place.
 B = Non-inter-level travel time spent in this place.
 C = Inter-level travel time spent in this place.
 D = Time resting spent in this place.
 E = Time spent auto-exploring this place.
 F = Levels seen in this place.
 G = Mean time per level.
                   A        B        C        D        E       F      G
               +--------+--------+--------+--------+--------+-----+--------+
         Total |   3607 |   3294 |    313 |      0 |   2894 |   4 |  901.8 |
       Dungeon |   3607 |   3294 |    313 |      0 |   2894 |   4 |  901.8 |
               +--------+--------+--------+--------+--------+-----+--------+

Top non-repeatable levels by time:
     D:3: 1152 daAuts
     D:1: 1050 daAuts
     D:2: 916 daAuts
     D:4: 488 daAuts

Table legend:
 A = Kills in this place as a percentage of kills in the entire game.
 B = Kills by you in this place as a percentage of kills by you in the entire game.
 C = Kills by friends in this place as a percentage of kills by friends in the entire game.
 D = Other kills in this place as a percentage of other kills in the entire game.
 E = Experience gained in this place as a percentage of experience gained in the entire game.
 F = Experience gained in this place divided by the number of levels of this place that you have seen.
                   A       B       C       D       E      F
               +-------+-------+-------+-------+-------+----------------------
         Total | 100.0 | 100.0 |   N/A |   N/A | 100.0 | 108.2
       Dungeon | 100.0 | 100.0 |   N/A |   N/A | 100.0 | 108.2
               +-------+-------+-------+-------+-------+----------------------
